 Dungeon Crawl Stone Soup version 0.19.1 (webtiles) character file.

330 dohliylev the Sneak (level 6, -5/42 HPs)
             Began as a Vampire Enchanter on Nov 29, 2016.
             Slain by Duvessa
             ... wielding a +0 rapier
              (8 damage)
             ... on level 4 of the Dungeon on Nov 30, 2016.
             The game lasted 00:17:24 (3773 turns).

dohliylev the Sneak (Vampire Enchanter)             Turns: 3773, Time: 00:17:24

Health: -5/42      AC:  5    Str: 10    XL:     6   Next: 26%
Magic:  5/10       EV: 13    Int: 17    God:
Gold:   210        SH:  0    Dex: 17    Spells: 4 memorised, 2 levels left

rFire  . . .     SeeInvis +     a - +1 dagger
rCold  + . .     Gourm    .     t - +1 robe {MR+}
rNeg   + . .     Faith    .     (no shield)
rPois  .         Spirit   .     p - +0 helmet
rElec  .         Reflect  .     n - +0 cloak
rCorr  .         Harm     .     (no gloves)
MR     +....                    (no boots)
Stlth  ++++......               (no amulet)
                                o - +3 ring of strength
                                k - ring of protection from cold

@: no status effects
A: fangs 3, see invisible, unbreathing
a: Bat Form


You were on level 4 of the Dungeon.
You were not thirsty.

You visited 1 branch of the dungeon, and saw 4 of its levels.

You collected 210 gold pieces.

Inventory:

Hand Weapons
 a - a +1 dagger (weapon)
 v - a +0 blowgun
 D - a +3 dagger of draining
Missiles
 u - 7 poisoned needles
 w - 4 curare-tipped needles
 A - 4 needles of sleeping
Armour
 n - a +0 cloak (worn)
 p - a +0 helmet (worn)
 t - a +1 robe of magic resistance (worn)
 E - a +0 robe of cold resistance
Jewellery
 k - a ring of protection from cold (left hand)
 o - a +3 ring of strength (right hand)
 x - an uncursed ring of protection from magic {unknown}
 y - an uncursed amulet of regeneration {unknown}
 z - an uncursed ring of protection from cold
 B - a cursed ring of teleportation {unknown}
Wands
 r - a wand of acid (10/15)
Scrolls
 b - a scroll of noise {unknown}
 e - 7 scrolls of identify {unknown}
 f - 3 scrolls of random uselessness {unknown}
 h - 2 scrolls of fog {unknown}
 i - 2 scrolls of remove curse {unknown}
 j - a scroll of fear {unknown}
 q - a scroll of magic mapping {unknown}
 s - 2 scrolls of teleportation {unknown}
Potions
 d - 9 potions of blood
 g - a potion of cure mutation {unknown}
 l - a potion of berserk rage {unknown}
 m - a potion of flight {unknown}
 C - a potion of invisibility {unknown}
Books
 c - a book of Maledictions

   Spells                             Type                      Level
   a - Corona                         Hexes                        1
   b - Ensorcelled Hibernation        Hexes/Ice                    2
   c - Confuse                        Hexes                        3
   d - Tukima's Dance                 Hexes                        3
   e - Dazzling Spray                 Conjuration/Hexes            3


   Skills:
 + Level 0.5 Fighting
 + Level 2.1 Short Blades
 + Level 3.0 Dodging
 + Level 6.8 Stealth
 + Level 3.2 Spellcasting
 + Level 0.1 Conjurations
 + Level 5.9 Hexes
 + Level 2.0 Ice Magic


You had 2 spell levels left.
You knew the following spells:

 Your Spells              Type           Power        Failure   Level  Hunger
a - Corona                Hex            ###....      1%          1    None
b - Ensorcelled Hibernat  Hex/Ice        ###...       6%          2    ##.....
c - Dazzling Spray        Conj/Hex       ##....       17%         3    ###....
d - Tukima's Dance        Hex            ###.....     6%          3    ###....


Dungeon Overview and Level Annotations

Branches:
Dungeon (4/15)
 Temple: D:4-7

Altars:
Sif Muna

Shops:
D:4 *

Annotations:
D:4 Duvessa


Innate Abilities, Weirdness & Mutations

You have razor-sharp teeth.
You have supernaturally acute eyesight. (SInv)
You can survive without breathing.


Message History

Okay, then.
You see here 20 arrows.
You hit Duvessa but do no damage.
Duvessa is lightly wounded.
Duvessa rages.
Duvessa is no longer blind.
Duvessa hits you with a rapier!
You hit Duvessa.
Duvessa is lightly wounded.
Duvessa hits you with a rapier! Duvessa barely misses you.
Duvessa hits you with a rapier!
* * * LOW HITPOINT WARNING * * *
Duvessa hits you with a rapier.
* * * LOW HITPOINT WARNING * * *
You see here 17 stones.
Casting: Dazzling Spray
Confirm with . or Enter, or press ? or * to list all spells.
You can't see any susceptible monsters within range! (Use Z to cast anyway.) Duvessa hits you with a rapier!
You die...

.......#...........##..(.##.....#
.......#.#..#####..#.%.)####.....
......##.#..# ####...## ###..<
......#..#.## #....# ..
#....##..#.# ##.).## .
#....#..##.# ##..### .......###.#
#.(## .#####.....# ##e## .#
##....# ##@## .######...## #.##
.........## #.# #####..<.# #.##
###..# ##.# #######..# #)##
.8..∩.(8.# ##..# .######..#
##..## .# ###...## ##..##


You could see Duvessa (berserk).

Vanquished Creatures
  Dowan (D:4)
  An orc wizard (D:3)
  2 worker ants
  A hound skeleton (D:4)
  A gnoll (D:2)
  8 adders
  An ooze (D:1)
  5 worms
  A dart slug (D:3)
  3 leopard geckos
  6 orcs
  A ball python (D:3)
  9 bats
  3 giant cockroaches
  11 goblins
  5 hobgoblins
  6 jackals
  9 kobolds
  4 frilled lizards
  11 rats
89 creatures vanquished.

Notes
Turn   | Place    | Note
-------+----------+-------------------------------------------
     0 | D:1      | dohliylev the Vampire Enchanter began the quest for the Orb.
     0 | D:1      | Reached XP level 1. HP: 13/13 MP: 3/3
    94 | D:2      | Reached XP level 2. HP: 19/19 MP: 5/5
   114 | D:2      | Reached skill level 5 in Hexes
   132 | D:2      | Learned a level 2 spell: Ensorcelled Hibernation
   141 | D:2      | Reached skill level 5 in Stealth
   304 | D:3      | Reached XP level 3. HP: 20/24 MP: 3/6
   989 | D:1      | Reached XP level 4. HP: 26/30 MP: 3/7
  1983 | D:2      | Reached skill level 1 in Ice Magic
  2181 | D:2      | Reached XP level 5. HP: 30/36 MP: 4/9
  2422 | D:3      | Reached skill level 6 in Stealth
  2633 | D:3      | Found a faded altar of an unknown god.
  3016 | D:3      | Found a deep blue altar of Sif Muna.
  3319 | D:4      | Found Edopuam's Assorted Antiques.
  3388 | D:4      | Learned a level 3 spell: Dazzling Spray
  3434 | D:4      | Learned a level 3 spell: Tukima's Dance
  3500 | D:4      | Reached XP level 6. HP: 42/42 MP: 5/10
  3661 | D:4      | Noticed Duvessa
  3663 | D:4      | Noticed Dowan
  3740 | D:4      | Killed Dowan
  3773 | D:4      | Slain by Duvessa

Skill      XL: |  1  2  3  4  5  6 |
---------------+-------------------+-----
Hexes          | 5 |  5.9
Stealth        | 5 6 |  6.8
Ice Magic      | 1 2 |  2.0
Spellcasting   | 3 |  3.2
Short Blades   | 2 |  2.1
Dodging        | 3 |  3.0
Fighting       | |  0.5
Conjurations   | |  0.1

Action                   |  1- 3 |  4- 6 || total
-------------------------+-------+-------++-------
Melee: Dagger            |   107 |   140 ||   247
       Bite              |    11 |     9 ||    20
 Cast: Ensorcelled Hiber |    18 |    37 ||    55
       Dazzling Spray    |       |     5 ||     5
 Stab: Sleeping          |    15 |    32 ||    47
       Distracted        |       |     1 ||     1
       Invisible         |       |     2 ||     2
  Eat: Corpse            |    13 |    11 ||    24
Armor: Robe              |    41 |    38 ||    79
Dodge: Dodged            |   114 |   115 ||   229
